Map: Orbital Shipyard

Players

MILA

  • Race: Terran Terran
  • League: Gold

LindyHop - Winner!

  • Race: Zerg Zerg
  • League: Gold

VOD

Have the link to the VOD?

Description

Time

  • Played on: Dec. 5, 2015, 2:55 p.m.
  • Length: 4:28
Show
View Real Time Build Order
Export as new Build Order

MILA Terran 

Build Orders:  

Get SALT Encoding   

  12  0:01  SCV  
  13  0:13  SCV  
  14  0:23  Supply Depot  
  14  0:25  SCV  
  15  0:41  Supply Depot  
  15  0:47  Barracks  
  15  0:52  SCV, Refinery  
  16  1:04  SCV  
  17  1:16  SCV  
  18  1:35  Marine  
  18  1:40  SCV  
  19  1:48  Command Center  
  19  1:59  Factory  
  19  2:02  Marine  
  20  2:12  SCV  
  21  2:20  Marine  
  22  2:24  SCV  
  23  2:44  Orbital Command  
  23  2:50  Starport  
  23  2:51  Factory Tech Lab  
  23  2:54  Barracks Tech Lab  
  23  2:57  Marine  
  24  3:01  SCV  
  25  3:13  SCV  
  25  3:15  Marine  
  27  3:22  SCV  
  27  3:24  Refinery  
  27  3:25  SCV  
  29  3:35  SCV  
  29  3:37  SCV  
  31  3:41  Factory Reactor  
  31  3:47  SCV  
  32  3:49  SCV  
  33  3:59  SCV  
  33  4:01  SCV  
  35  4:06  Refinery  
  35  4:10  Barracks  
  35  4:12  Barracks  
Show
View Real Time Build Order
Export as new Build Order

LindyHop Zerg - Winner!

Build Orders: Hatch First, Zergling Baneling 

Get SALT Encoding   

  12  0:01  Drone  
  13  0:10  Drone  
  14  0:34  Hatchery  
  13  0:48  Drone  
  14  0:59  Spawning Pool  
  14  1:01  Drone, Extractor  
  13  1:06  Drone  
  14  1:15  Overlord  
  14  1:45  Queen  
  14  1:47  Queen  
  16  1:49  Drone  
  16  1:53  Drone  
  20  2:02  Drone  
  20  2:06  Zergling x2  
  22  2:12  Metabolic Boost  
  22  2:21  Overlord  
  22  2:32  Zergling x4  
  22  2:34  Zergling x2  
  22  2:36  Drone  
  26  2:44  Baneling Nest  
  26  2:49  Zergling x2  
  26  3:15  Zergling x2  
  26  3:16  Zergling x12  
  33  3:31  Overlord  
  33  3:34  Baneling x6  
  33  3:39  Baneling  
  33  3:42  Zergling x2  
  33  3:43  Zergling x2  
  34  4:03  Baneling x2  
Tags
 
Add a new tag
Caveats
  • Supply blocks, unpowered buildings, or Contaminate may cause inaccurate times.
  • Supply counts are checked every 10 seconds.